 Seeded DCSS version 0.29.1-13-g9f3cf754e1 (webtiles) character file.

Game seed: 16245865983455551772 (custom seed)

4 OTABOTABOTAB the Caller (level 1, 11/11 HPs)
             Began as an Octopode Summoner on Jan 27, 2023.
             Quit the game on level 1 of the Dungeon.
             The game lasted 00:00:49 (75 turns).

OTABOTABOTAB the Caller (Octopode Summoner)           Turns: 75, Time: 00:00:50

Health: 11/11      AC:  1    Str:  7    XL:     1   Next: 60%
Magic:  3/3        EV: 13    Int: 23    God:
Gold:   1391       SH:  0    Dex: 12    Spells: 3/4 levels left

rFire   + . .      SeeInvis .   a - +0 sling
rCold   . . .      Faith    .   (no shield)
rNeg    . . .      Spirit   .   (helmet restricted)
rPois   +          Reflect  .   (no amulet)
rElec   .          Harm     .   c - ring "Jyfresk" {rPois rF+ Int+6}
rCorr   .          Rampage  .   (no ring)
Will    .....                   (no ring)
Stlth   +++.......              (no ring)
HPRegen 0.03/turn               (no ring)
MPRegen 0.08/turn               (no ring)
                                (no ring)
                                (no ring)

@: no status effects
A: almost no armour, amphibious, 8 rings, camouflage 1, gelatinous body 1,
(nimble swimmer 1), tentacles
a: no special abilities


You were on level 1 of the Dungeon.
You visited 1 branch of the dungeon, and saw 1 of its levels.

You collected 1391 gold pieces.

Inventory:

Hand Weapons
 a - a +0 sling (weapon)
   (You found it on level 1 of the Dungeon)
 b - a +0 dagger
   (You took it off a goblin on level 1 of the Dungeon)
Jewellery
 c - the ring "Jyfresk" (left tentacle) {rPois rF+ Int+6}
   (You acquired it on level 1 of the Dungeon)

   [ring of protection from fire]

   Int:       It affects your intelligence (+6).
   rF:        It protects you from fire.
   rPois:     It protects you from poison.
Potions
 M - a potion of magic


   Skills:
 - Level 2.0 Dodging
 - Level 2.6 Stealth
 + Level 2.1 Spellcasting
 + Level 4.1 Summonings


You had 3 spell levels left.
You knew the following spells:

 Your Spells              Type           Power      Damage    Failure   Level
a - Summon Small Mammal   Summ           84%        N/A       2%          1

Your spell library contained the following spells:

 Spells                   Type           Power      Damage    Failure   Level
 Call Imp                 Summ           21%        N/A       3%          2
 Call Canine Familiar     Summ           21%        N/A       7%          3
 Summon Guardian Golem    Hex/Summ       11%        N/A       16%         3
 Summon Lightning Spire   Summ/Air       11%        N/A       47%         4


Dungeon Overview and Level Annotations

Branches:
Dungeon (1/15)

Altars:


Innate Abilities, Weirdness & Mutations

You cannot wear most types of armour.
You are amphibious.
You can wear up to eight rings at the same time.
Your skin changes colour to match your surroundings (Stealth+).
Your rubbery body absorbs attacks. (AC +1, EV +1)
((You are camouflaged when in or above water. (Stealth+)))
You have tentacles for arms and can constrict up to eight enemies at once.


Message History

Bad channel name for runrest: 'Jiyva says: Divide and consume' Welcome, OTABOTABOTAB the Octopode Summoner.
Game seed: 16245865983455551772 (custom seed)
Found a sling.
Found a staircase leading out of the dungeon.
a - a +0 sling
Found an escape hatch in the floor.
Found an escape hatch in the floor.
a - a +0 sling (weapon)
You see here a +0 dagger.
A goblin comes into view. It is wielding a +0 dagger.
A quokka comes into view.
You shoot a sling bullet. The sling bullet hits the goblin.
The goblin shouts!
You shoot a sling bullet. The sling bullet hits the goblin.
You shoot a sling bullet.
The sling bullet closely misses the goblin.
You shoot a sling bullet.
The sling bullet closely misses the goblin.
Fire: a) +0 sling
Aim: a goblin, wielding a +0 dagger (heavily wounded, 43% to hit)
You shoot a sling bullet. The sling bullet hits the goblin!
You kill the goblin!
Fire: a) +0 sling
Aim: a quokka (38% to hit)
You shoot a sling bullet.
The sling bullet completely misses the quokka.
The quokka bites you but does no damage.
The quokka barely misses you.
Fire: a) +0 sling
Aim: a quokka (38% to hit)
You shoot a sling bullet.
The sling bullet hits the quokka but does no damage.
The quokka completely misses you.
You are now empty-tentacled.
The quokka barely misses you.
You tentacle-slap the quokka. Your grab misses the quokka.
Your squeeze misses the quokka. The quokka barely misses you.
You closely miss the quokka. You grab the quokka. You squeeze the quokka.
You constrict the quokka, but do no damage.
The quokka barely misses you.
You tentacle-slap the quokka but do no damage.
You constrict the quokka, but do no damage.
The quokka barely misses you.
You tentacle-slap the quokka but do no damage.
Your squeeze misses the quokka.
You constrict the quokka, but do no damage.
The quokka completely misses you. The quokka barely misses you.
You barely miss the quokka. You squeeze the quokka. You constrict the quokka.
You kill the quokka!
b - a +0 dagger
b - a +0 dagger (weapon)
An endoplasm comes into view.
An endoplasm is nearby!
a - a +0 sling (weapon)
You shoot a sling bullet. The sling bullet hits the endoplasm.
The endoplasm quivers.
You shoot a sling bullet. The sling bullet hits the endoplasm.
You shoot a sling bullet.
The sling bullet hits the endoplasm but does no damage.
b - a +0 dagger (weapon)
The endoplasm closely misses you.
You hit the endoplasm. The endoplasm closely misses you.
You hit the endoplasm.
You kill the endoplasm!
No target in view!
a - a +0 sling (weapon)
c - 3 scrolls labelled WAC GOIFOFITOUPLEC This is a scroll of acquirement!
Something appears before you!
You now have 786 gold pieces.
Something appears before you! Something appears before you!
c - the ring "Jyfresk" {rPois rF+ Int+6} You now have 1391 gold pieces (gained 605).
You feel clever.
c - the ring "Jyfresk" (left tentacle) {rPois rF+ Int+6}

# .# #.#
######..###
#.@........
.......#..#.....
#.##...#..# ...
#...###.## #
#... #..# ...#
#..##.##.## ....
#..#...#..#
....#
#.##...##.##
....#
#.....#..#.....#


There were no monsters in sight!

Vanquished Creatures
  An endoplasm (D:1)
  A goblin (D:1)
  A quokka (D:1)
3 creatures vanquished.

Notes
Turn   | Place    | Note
-------+----------+-------------------------------------------
     0 | D:1      | OTABOTABOTAB the Octopode Summoner began the quest for the
                  | Orb.
     0 | D:1      | Reached XP level 1. HP: 11/11 MP: 3/3
    69 | D:1      | Identified 3 scrolls of acquirement
    69 | D:1      | Acquired 786 gold pieces
    71 | D:1      | Acquired 605 gold pieces
    72 | D:1      | Acquired the ring "Jyfresk" {rPois rF+ Int+6}
    75 | D:1      | Quit the game

Illustrated notes

Levels and vault maps discovered:
D:1:      minmay_arrival_hallway, layout_loops_corners, basic_ecumenical_altar,
          minmay_unequal

Action                   || total
-------------------------++-------
Melee: Unarmed           ||     5
       Dagger            ||     2
       Tentacles         ||     2
       Constrict         ||     1
 Fire: Sling             ||    10
  Use: Scroll            ||     3
Armor: Skin              ||     1
Dodge: Dodged            ||    10

Table legend: (Time is in decaauts)
 A = Elapsed time spent in this place.
 B = Non-inter-level travel time spent in this place.
 C = Inter-level travel time spent in this place.
 D = Time resting spent in this place.
 E = Time spent auto-exploring this place.
 F = Levels seen in this place.
 G = Mean time per level.
                   A        B        C        D        E       F      G
               +--------+--------+--------+--------+--------+-----+--------+
         Total |     75 |     75 |      0 |      0 |     35 |   1 |   75.0 |
       Dungeon |     75 |     75 |      0 |      0 |     35 |   1 |   75.0 |
               +--------+--------+--------+--------+--------+-----+--------+

Top non-repeatable levels by time:
     D:1: 75 daAuts

Table legend:
 A = Kills in this place as a percentage of kills in entire the game.
 B = Kills by you in this place as a percentage of kills by you in the entire game.
 C = Kills by friends in this place as a percentage of kills by friends in the entire game.
 D = Other kills in this place as a percentage of other kills in the entire game.
 E = Experience gained in this place as a percentage of experience gained in the entire game.
 F = Experience gained in this place divided by the number of levels of this place that you have seen.
                   A       B       C       D       E      F
               +-------+-------+-------+-------+-------+----------------------
         Total | 100.0 | 100.0 |   N/A |   N/A | 100.0 |   6.0
       Dungeon | 100.0 | 100.0 |   N/A |   N/A | 100.0 |   6.0
               +-------+-------+-------+-------+-------+----------------------
